 Dungeon Crawl Stone Soup version 0.29-a0-284-gf9362112df (webtiles) character file.

Game seed: 127719058422804335

27514 spaghetti the Spry (level 13, -16/104 HPs)
             Began as a Demonspawn Berserker on Mar 20, 2022.
             Was a Priest of Trog.
             Demolished by a komodo dragon (21 damage)
             ... on level 6 of the Lair of Beasts.
             The game lasted 00:29:36 (13588 turns).

spaghetti the Spry (Demonspawn Berserker)          Turns: 13588, Time: 00:29:37

Health: -16/104    AC: 18    Str: 17    XL:     13   Next: 4%
Magic:  13/13      EV: 21    Int: 11    God:    Trog [***...]
Gold:   549        SH:  0    Dex: 16    Spells: 12/12 levels left

rFire   . . .      SeeInvis .   K - +1 scimitar (flame) {long}
rCold   . . .      Faith    .   (no shield)
rNeg    . . .      Spirit   .   A - +0 troll leather armour
rPois   +          Reflect  .   (helmet restricted)
rElec   .          Harm     .   t - +0 cloak
rCorr   .          Rampage  +   o - +2 pair of gloves
Will    ++...                   e - +0 pair of boots {rampage}
Stlth   +.........              (no amulet)
HPRegen 2.07/turn               (no ring)
MPRegen 0.13/turn               (no ring)

@: strong-willed, sanguine armoured, on berserk cooldown, regenerating
A: demonic guardian 1, powered by death 3, sanguine armour 2, horns 1, poison
resistance, subdued magic 1
a: Renounce Religion, Berserk, Trog's Hand


You were on level 6 of the Lair of Beasts.
You worshipped Trog.
Trog was most pleased with you.
You visited 2 branches of the dungeon, and saw 15 of its levels.

You collected 741 gold pieces.
You spent 192 gold pieces at shops.


Innate Abilities, Weirdness & Mutations

A weak demonic guardian rushes to your aid.
You regenerate a lot of health from kills.
When seriously injured, your blood forms thick armour. (AC +9)
You have a pair of small horns on your head.
Your system is resistant to poisons. (rPois)
Your spells are a little easier to cast, but a little less powerful.


   Skills:
 + Level 10.6 Fighting
 - Level 2.6 Long Blades
 - Level 8.0 Throwing
 - Level 1.7 Armour
 + Level 16.4 Dodging


You had 12 spell levels left.
You didn't know any spells.
Your spell library contained the following spells:

 Spells                   Type           Power      Damage    Failure   Level
 Animate Skeleton         Necr           0%         N/A       34%         1
 Pain                     Necr           0%         1d4       34%         1
 Shock                    Conj/Air       0%         1d3       34%         1
 Corpse Rot               Necr/Air       0%         N/A       50%         2
 Ensorcelled Hibernation  Hex/Ice        0%         N/A       50%         2
 Passwall                 Tmut/Erth      0%         N/A       50%         2
 Call Canine Familiar     Summ           0%         N/A       73%         3
 Dazzling Flash           Conj/Hex       0%         N/A       73%         3
 Gell's Gravitas          Tloc           0%         N/A       73%         3
 Portal Projectile        Hex/Tloc       0%         N/A       73%         3
 Swiftness                Air            0%         N/A       73%         3
 Teleport Other           Tloc           0%         N/A       73%         3
 Vampiric Draining        Necr           0%         2d6       73%         3
 Airstrike                Air            0%         N/A       98%         4
 Dispel Undead            Necr           0%         3d6       98%         4
 Iskenderun's Mystic Bla  Conj/Tloc      0%         2d3       98%         4
 Leda's Liquefaction      Hex/Erth       0%         N/A       98%         4
 Summon Ice Beast         Ice/Summ       0%         N/A       98%         4
 Summon Mana Viper        Hex/Summ       0%         N/A       100%        5
 Death Channel            Necr           0%         N/A       100%        6
 Dispersal                Tloc           0%         N/A       100%        6
 Starburst                Conj/Fire      0%         6d3       100%        6
 Monstrous Menagerie      Summ           0%         N/A       100%        7

Inventory:

Hand Weapons
 g - a +0 dagger of venom {short}
   (You took it off an orc wizard on level 5 of the Dungeon)
 l - a +0 dagger of protection {short}
   (You took it off a goblin on level 2 of the Dungeon)
 m - a +2 dagger of speed {short}
   (You took it off Dowan on level 4 of the Dungeon)
 u - a +2 vampiric dagger {short}
   (You took it off an orc on level 5 of the Dungeon)
 x - a +1 short sword of speed {short}
   (You took it off a kobold on level 5 of the Dungeon)
 C - a +1 dagger of venom {short}
   (You took it off a kobold on level 8 of the Dungeon)
 G - a +0 short sword of venom {short}
   (You took it off a deep elf pyromancer on level 7 of the Dungeon)
 K - a +1 scimitar of flaming (weapon) {long}
   (You took it off Erica on level 8 of the Dungeon)
 L - a +2 scimitar {long}
   (You took it off Urug on level 4 of the Lair of Beasts)
Missiles
 f - 8 curare-tipped darts {=fthrowing}
 i - 6 javelins (quivered) {throwing}
 q - 234 stones {throwing}
 s - 27 poisoned darts {throwing}
 B - 7 boomerangs {throwing}
Armour
 e - a +0 pair of boots of rampaging (worn)
   (You found it on level 3 of the Dungeon)
 k - a +2 scale mail of cold resistance
   (You took it off Duvessa on level 4 of the Dungeon)
 o - a +2 pair of gloves (worn)
   (You bought it in a shop on level 4 of the Dungeon)
 t - a +0 cloak (worn)
   (You bought it in a shop on level 4 of the Dungeon)
 A - a +0 troll leather armour (worn)
   (You found it on level 7 of the Dungeon)
Jewellery
 c - a +6 ring of dexterity
   (You found it on level 1 of the Dungeon)
 n - a ring of magical power
   (You found it on level 2 of the Dungeon)
 p - a ring of willpower
   (You found it on level 3 of the Dungeon)
 F - a ring of protection from cold
   (You found it on level 7 of the Dungeon)
 I - an amulet of magic regeneration {@e2}
   (You found it on level 8 of the Dungeon)
Wands
 v - a wand of acid (7)
   (You found it on level 5 of the Dungeon)
 y - a wand of flame (18)
   (You took it off Sigmund on level 5 of the Dungeon)
 E - a wand of polymorph (4)
   (You found it on level 4 of the Lair of Beasts)
 H - a wand of paralysis (3)
   (You found it on level 8 of the Dungeon)
 J - a wand of iceblast (2)
   (You took it off Erica on level 8 of the Dungeon)
Scrolls
 d - 2 scrolls of silence {!r}
 h - a scroll of fog
 j - a scroll of magic mapping {!r}
 r - 2 scrolls of teleportation {@r4}
 D - 2 scrolls of enchant armour
 M - a scroll of holy word {!r}
Potions
 b - a potion of degeneration {!q@e2}
 w - 2 potions of might
 z - 2 potions of flight
 N - a potion of cancellation

Dungeon Overview and Level Annotations

Branches:
Dungeon (9/15)             Temple (0/1) D:4            Lair (6/6) D:9
  Swamp (0/4) Lair:4        Snake (0/4) Lair:4        Slime (0/5) Lair:6
    Orc: D:9-12

Altars:
Hepliaklqana
Nemelex Xobeh
Qazlal
Sif Muna
Yredelemnul

Shops:
D:4 [   D:9 [

Annotations:
D:4 1 runed translucent door

### ###### #@# ###.#.
......##l#####
##..#.##.........4.P.#
.#P..................##
........................
..P.....................
........P...............
.......#...........(.(..
......####..............


You could see a komodo dragon (ally target) and a friendly hellwing (summoned).


Message History

The wind drake bites you but does no damage.
The komodo dragon bites you!!
* * * LOW HITPOINT WARNING * * *
A demonic guardian appears! 😱 HP[-34]
You take 34 damage, and now have 9/104 hp.
MASSIVE DAMAGE!! (PAUSE)
Okay, then.
As you read the scroll of teleportation {@r4}, it crumbles to dust.
You feel strangely unstable. The wind drake misses you.
The komodo dragon misses you.
The wind drake bites you but does no damage.
Your orange demon closely misses the wind drake.
Your orange demon misses the wind drake.
The komodo dragon bites you but does no damage. 😱 HP[+3]
You regained 3 hp, and now have 12/104 hp.
The komodo dragon attacks as you move away!
The komodo dragon misses you.
Your surroundings suddenly seem different. 😱 HP[+5]
You regained 5 hp, and now have 17/104 hp.
Your skin stops crawling.
You feel less strong-willed. 😱 HP[+1] 😱 HP[+2]
You regained 2 hp, and now have 20/104 hp. 😱 HP[+2]
You regained 2 hp, and now have 22/104 hp.
A komodo dragon comes into view. 😱 HP[+1] 😱 HP[+2]
You regained 2 hp, and now have 25/104 hp.
The komodo dragon hisses angrily. 😱 HP[+1]
You start resting.
You feel yourself speed up.
A komodo dragon is nearby! 😨 HP[+2]
You regained 2 hp, and now have 28/104 hp.
Throw: 234 stones {throwing}
Press: ? - help, Q - select action, (/) - cycle Shift-Dir - straight line, f - komodo dragon
Aim: a komodo dragon (75% to hit)
Okay, then.
Throw: 8 javelins {throwing}
Press: ? - help, Q - select action, (/) - cycle Shift-Dir - straight line, f - komodo dragon
Aim: a komodo dragon (75% to hit)
You throw a javelin {throwing}.
The javelin {throwing} pierces through the komodo dragon but does no damage. 😨 HP[+1] Throw: 7 javelins {throwing}
Press: ? - help, Q - select action, (/) - cycle Shift-Dir - straight line, f - you That would be overly suicidal.
Okay, then.
Unknown command.
You start resting.
A komodo dragon is nearby! 😨 HP[+2]
You regained 2 hp, and now have 31/104 hp.
Throw: 7 javelins {throwing}
Press: ? - help, Q - select action, (/) - cycle Shift-Dir - straight line, f - komodo dragon
Aim: a komodo dragon (75% to hit)
You throw a javelin {throwing}.
The javelin {throwing} barely misses the komodo dragon. 😨 HP[+2]
You regained 2 hp, and now have 33/104 hp.
You're still recovering from your berserk rage.
Your skin crawls.
You feel strong-willed.
You can no longer call in reinforcements.
The komodo dragon barely misses you. 😨 HP[+2]
You regained 2 hp, and now have 35/104 hp.
You closely miss the komodo dragon. The komodo dragon bites you!
* * * LOW HITPOINT WARNING * * *
The komodo dragon bites you but does no damage. 😱 HP[-10]
You take 10 damage, and now have 25/104 hp.
You hit the komodo dragon but do no damage.
You headbutt the komodo dragon, but do no damage.
The komodo dragon closely misses you. 😨 HP[+3]
You regained 3 hp, and now have 28/104 hp.
You hit the komodo dragon but do no damage.
The komodo dragon completely misses you. 😨 HP[+3]
You regained 3 hp, and now have 31/104 hp.
You hit the komodo dragon. You burn the komodo dragon.
You headbutt the komodo dragon, but do no damage.
The komodo dragon bites you!
* * * LOW HITPOINT WARNING * * *
A demonic guardian appears! 😱 HP[-12]
You take 12 damage, and now have 19/104 hp.
Unknown command.
You hit the komodo dragon but do no damage.
The komodo dragon bites you!
* * * LOW HITPOINT WARNING * * *
Your hellwing hits the komodo dragon! Your hellwing hits the komodo dragon.
The komodo dragon bites you!!
You die...

Skill      XL: |  1  2  3  4  5  6  7  8  9 10 11 12 |
---------------+-------------------------------------+-----
Dodging        | 2 3 4 5 6 7 11 13 15 16 | 16.4
Throwing       | 1 2 3 4 5 7 8 |  8.0
Fighting       | 7 10 | 10.6
Long Blades    | |  2.6
Armour         | |  1.7

Action                   |  1- 3 |  4- 6 |  7- 9 | 10-12 | 13-15 || total
-------------------------+-------+-------+-------+-------+-------++-------
Melee: Falchion          |    48 |       |       |       |       ||    48
       Dagger            |   144 |   230 |   364 |       |       ||   738
       Punch             |     4 |     5 |     7 |    15 |       ||    31
       Short sword       |       |       |   221 |   181 |       ||   402
       Scimitar          |       |       |       |   551 |    37 ||   588
       Headbutt          |       |       |       |    75 |    13 ||    88
Throw: Javelin           |    16 |    12 |       |     1 |     2 ||    31
       Stone             |       |    17 |    36 |    90 |    26 ||   169
       Dart              |       |       |     3 |     1 |       ||     4
Invok: Berserk           |     2 |     6 |    14 |    31 |     1 ||    54
       Trog's Hand       |       |     2 |     1 |     6 |     2 ||    11
Evoke: Wand              |       |       |     2 |     4 |     1 ||     7
  Use: Scroll            |     6 |     3 |     4 |     5 |     3 ||    21
       Potion            |       |     6 |     5 |     7 |     1 ||    19
 Stab: Invisible         |       |     7 |       |       |       ||     7
       Distracted        |       |       |     2 |     2 |       ||     4
       Sleeping          |       |       |       |     1 |       ||     1
Armor: Plate armour      |   122 |   169 |       |       |       ||   291
       Skin              |       |    34 |       |       |       ||    34
       Scale mail        |       |       |   117 |       |       ||   117
       Troll leather arm |       |       |    88 |   309 |    26 ||   423
Dodge: Dodged            |    46 |    73 |   370 |  1036 |    70 ||  1595

Levels and vault maps discovered:
D:1:      erik_arrival_cave_to_civilisation [erik_arrival_cave_to_hall],
          layout_basic, basic_ecumenical_altar
D:2:      minmay_evil_eye, layout_loops_ring, serial_aquarium,
          aquarium_bridge_square [aquarium_subvault_window,
          aquarium_subvault_bridge, aquarium_subvault_balcony,
          aquarium_subvault_window], aquarium_window_corner,
          aquarium_window_corner, aquarium_window_1, aquarium_view_2a,
          aquarium_balcony_double_4, aquarium_pool_split, basic_altar,
          minmay_misc_feat_x, minmay_tromino_i4
D:3:      layout_basic, uniq_natasha, uniq_robin
D:4:      layout_cave_pods, kennysheep_mini_moat, dk_yredelemnul_ordeal,
          nemelex_xobeh_ov_fountains_minmay, minmay_temple_entry_grid,
          serial_shops, nicolae_shop_behind_doors, uniq_duvessa
D:5:      layout_loops_ring, uniq_sigmund
D:6:      layout_loops_corners
D:7:      layout_basic, grunt_potential
D:8:      layout_basic, lemuel_round_altar, enter_bailey_5, uniq_erica
D:9:      layout_roguey, lair_entry_dummy, nicolae_stop_n_shop_1,
          columned_hall_lemuel
Lair:1:   layout_misc_corridors, special_room [special_room_bee],
          beast_lair_carwin_7, uniq_nergalle
Lair:2:   layout_regular_city, infiniplex_staircase_pool, grunt_megastairs_2
Lair:3:   layout_regular_city, grunt_megastairs_4
Lair:4:   layout_gridlike, swamp_mist, serial_bayou_lagoon_a, uniq_urug,
          uniq_snorg
Lair:5:   layout_cave_pods
Lair:6:   gammafunk_lair_ancient_temple, layout_cave_pods,
          nicolae_slime_entry_slimehenge, chequers_serial_rivers_large_a,
          minivault_23

Notes
Turn   | Place    | Note
-------+----------+-------------------------------------------
     0 | D:1      | spaghetti the Demonspawn Berserker began the quest for the
                  | Orb.
     0 | D:1      | Reached XP level 1. HP: 18/18 MP: 1/1
     0 | D:1      | magus.rc [v1.9.6]
    58 | D:1      | Reached skill level 2 in Dodging
   237 | D:1      | You pick up a book of Necromancy {forbidden} and begin
                  | reading...
   237 | D:1      | You add the spells Pain, Animate Skeleton and Vampiric
                  | Draining to your library.
   407 | D:1      | Gained mutation: When seriously injured, your blood forms
                  | armour. (AC +9) [demonic ancestry]
   407 | D:1      | Reached XP level 2. HP: 22/24 MP: 2/2
   453 | D:1      | You add the spells Gell's Gravitas, Teleport Other and
                  | Dispersal to your library.
   502 | D:1      | Found a faded altar of an unknown god.
   961 | D:2      | Reached skill level 1 in Throwing
   996 | D:2      | Found a stormy altar of Qazlal.
  1209 | D:2      | Gained mutation: A weak demonic guardian rushes to your
                  | aid. [demonic ancestry]
  1209 | D:2      | Reached XP level 3. HP: 29/29 MP: 3/3
  1581 | D:2      | Reached skill level 3 in Dodging
  2149 | D:3      | Reached ** piety under Trog
  2181 | D:3      | Noticed Robin
  2207 | D:3      | Killed Robin
  2208 | D:3      | Reached XP level 4. HP: 35/35 MP: 4/4
  2214 | D:3      | Reached skill level 2 in Throwing
  2602 | D:3      | You pick up a book of Decay {forbidden} and begin
                  | reading...
  2602 | D:3      | You add the spells Corpse Rot, Dispel Undead and Death
                  | Channel to your library.
  2609 | D:3      | Reached XP level 5. HP: 41/41 MP: 5/5
  2636 | D:3      | Reached skill level 4 in Dodging
  3113 | D:3      | Noticed Natasha
  3128 | D:3      | Killed Natasha
  3129 | D:3      | Reached skill level 3 in Throwing
  3324 | D:4      | Noticed an ogre
  3336 | D:4      | Killed an ogre
  3337 | D:4      | Gained mutation: You regenerate a little health from kills.
                  | [demonic ancestry]
  3337 | D:4      | Reached XP level 6. HP: 47/47 MP: 6/6
  3399 | D:4      | Found a sparkling altar of Nemelex Xobeh.
  3425 | D:4      | Gained mutation: Your spells are a little easier to cast,
                  | but a little less powerful. [potion of mutation]
  3436 | D:4      | HP: 7/47 [orc priest/divine providence (15)]
  3441 | D:4      | HP: 10/70 [kobold/+0 short sword (4)]
  3451 | D:4      | HP: 5/70 [orc priest/divine providence (12)]
  3909 | D:4      | Noticed Duvessa
  3911 | D:4      | Noticed Dowan
  3953 | D:4      | Killed Dowan
  3954 | D:4      | Reached skill level 4 in Throwing
  3965 | D:4      | HP: 9/47 [Duvessa/+0 short sword (11)]
  3969 | D:4      | Killed Duvessa
  3970 | D:4      | Reached skill level 5 in Dodging
  3970 | D:4      | Reached XP level 7. HP: 11/52 MP: 7/7
  4544 | D:4      | Found a staircase to the Ecumenical Temple.
  4682 | D:4      | Found Quvein's Armour Emporium.
  4685 | D:4      | Bought a +1 pair of gloves for 138 gold pieces
  4685 | D:4      | Bought a +0 cloak for 54 gold pieces
  4804 | D:4      | Found a runed translucent door.
  4804 | D:4      | Noticed a human
  4810 | D:4      | Found a basalt altar of Yredelemnul.
  5087 | D:4      | Found a hazy altar of Hepliaklqana.
  5141 | D:5      | Entered Level 5 of the Dungeon
  5308 | D:5      | Reached skill level 5 in Throwing
  5414 | D:5      | Reached skill level 6 in Dodging
  5686 | D:5      | Reached XP level 8. HP: 47/58 MP: 8/8
  5737 | D:5      | You pick up a book of the Hunter {forbidden} and begin
                  | reading...
  5737 | D:5      | You add the spells Call Canine Familiar, Portal Projectile
                  | and Leda's Liquefaction to your library.
  5817 | D:5      | Reached skill level 6 in Throwing
  5858 | D:5      | Lost mutation: Your spells are a little easier to cast, but
                  | a little less powerful. [potion of mutation]
  5858 | D:5      | Gained mutation: You possess an exceptional clarity of
                  | mind. [potion of mutation]
  5858 | D:5      | Gained mutation: You are frail. (-10% HP) [potion of
                  | mutation]
  6145 | D:5      | Noticed Sigmund
  6153 | D:5      | Killed Sigmund
  6154 | D:5      | Reached skill level 7 in Dodging
  6545 | D:6      | You fall into a shaft and drop 1 floor!
  6562 | D:7      | Noticed a troll
  6572 | D:7      | Killed a troll
  6573 | D:7      | Reached skill level 7 in Throwing
  6746 | D:7      | You pick up a book of Beasts {forbidden} and begin
                  | reading...
  6746 | D:7      | You add the spells Summon Ice Beast, Summon Mana Viper and
                  | Monstrous Menagerie to your library.
  6856 | D:8      | Gained mutation: You regenerate health from kills. [demonic
                  | ancestry]
  6856 | D:8      | Reached XP level 9. HP: 21/56 MP: 9/9
  6862 | D:8      | Reached skill level 8 in Dodging
  6983 | D:7      | Noticed a troll
  6987 | D:7      | Reached *** piety under Trog
  6997 | D:7      | Killed a troll
  7008 | D:7      | Reached skill level 8 in Throwing
  7022 | D:7      | Noticed a brown ugly thing
  7110 | D:7      | Killed a brown ugly thing
  7111 | D:7      | Reached skill level 9 in Dodging
  7860 | D:7      | Noticed a deep elf pyromancer
  7891 | D:7      | HP: 12/56 [fire elemental[a deep elf pyromancer] (11)]
  7892 | D:8      | HP: 5/56 [burnt (7)]
  7893 | D:8      | HP: 1/56 [burnt (6)]
  7961 | D:7      | HP: 19/84 [fire elemental[a deep elf pyromancer] (5)]
  7962 | D:7      | Killed a deep elf pyromancer
  7963 | D:7      | Reached skill level 10 in Dodging
  7966 | D:7      | HP: 12/56 [poisoned by a deep elf pyromancer]
  8205 | D:8      | Noticed Erica
  8223 | D:8      | Killed Erica
  8224 | D:8      | Reached skill level 11 in Dodging
  8224 | D:8      | Gained mutation: You regenerate a lot of health from kills.
                  | [demonic ancestry]
  8224 | D:8      | Reached XP level 10. HP: 31/63 MP: 10/10
  8301 | D:8      | You pick up a book of Spectacle {forbidden} and begin
                  | reading...
  8301 | D:8      | You add the spells Dazzling Flash, Iskenderun's Mystic
                  | Blast and Starburst to your library.
  8879 | D:8      | You pick up a book of the Hunter {forbidden} and begin
                  | reading...
  8917 | D:8      | Found a shimmering blue altar of Sif Muna.
  8977 | D:9      | Found Tenisem's Armour Shop.
  8977 | D:9      | Found a staircase to the Lair.
  8982 | D:9      | Noticed a two-headed ogre
  8985 | Lair:1   | Entered Level 1 of the Lair of Beasts
  9081 | Lair:2   | Reached skill level 12 in Dodging
  9236 | Lair:2   | Noticed a cane toad
  9251 | Lair:2   | Killed a cane toad
  9298 | Lair:2   | Reached **** piety under Trog
  9322 | Lair:2   | Noticed a four-headed hydra
  9353 | Lair:2   | Killed a one-headed hydra
  9488 | Lair:2   | Reached skill level 13 in Dodging
  9623 | Lair:2   | You pick up a book of Air {forbidden} and begin reading...
  9623 | Lair:2   | You add the spells Shock, Swiftness and Airstrike to your
                  | library.
  9645 | Lair:2   | Noticed a cane toad
  9654 | Lair:2   | Killed a cane toad
 10098 | Lair:3   | Noticed a death yak
 10098 | Lair:3   | Noticed a death yak
 10098 | Lair:3   | Noticed a death yak
 10098 | Lair:3   | Noticed a death yak
 10098 | Lair:3   | Noticed a death yak
 10099 | Lair:3   | Noticed a death yak
 10110 | Lair:2   | Killed a death yak
 10111 | Lair:2   | Gained mutation: When seriously injured, your blood forms
                  | thick armour. (AC +9) [demonic ancestry]
 10111 | Lair:2   | Reached XP level 11. HP: 67/67 MP: 11/11
 10333 | Lair:3   | HP: 16/67 [black mamba (3)]
 10333 | Lair:3   | HP: 3/67 [komodo dragon (13)]
 10346 | Lair:3   | HP: 13/67 [black mamba (6)]
 10497 | Lair:2   | Killed a death yak
 10541 | Lair:2   | Reached skill level 14 in Dodging
 10582 | Lair:3   | Killed a death yak
 10583 | Lair:3   | Reached skill level 4 in Fighting
 10627 | Lair:3   | HP: 11/70 [komodo dragon (14)]
 10842 | Lair:3   | Reached skill level 5 in Fighting
 11022 | Lair:3   | Reached skill level 6 in Fighting
 11058 | Lair:3   | Killed a death yak
 11076 | Lair:3   | HP: 18/74 [death yak (15)]
 11083 | Lair:3   | HP: 16/74 [death yak (15)]
 11316 | Lair:3   | Killed a death yak
 11470 | Lair:4   | Noticed Snorg
 11479 | Lair:4   | Noticed a boulder beetle
 11503 | Lair:3   | Killed Snorg
 11504 | Lair:3   | Reached skill level 7 in Fighting
 11504 | Lair:3   | Reached skill level 15 in Dodging
 11504 | Lair:3   | Reached XP level 12. HP: 55/81 MP: 12/12
 11563 | Lair:4   | Killed a boulder beetle
 11636 | Lair:4   | You pick up a book of Burglary {forbidden} and begin
                  | reading...
 11636 | Lair:4   | You add the spells Passwall and Ensorcelled Hibernation to
                  | your library.
 11719 | Lair:4   | Found a staircase to the Snake Pit.
 11793 | Lair:4   | Found a staircase to the Swamp.
 11834 | Lair:4   | Noticed Urug
 11844 | Lair:4   | Killed Urug
 12057 | Lair:4   | Reached skill level 8 in Fighting
 12470 | Lair:4   | Lost mutation: You are frail. (-10% HP) [potion of
                  | mutation]
 12470 | Lair:4   | Lost mutation: You possess an exceptional clarity of mind.
                  | [potion of mutation]
 12470 | Lair:4   | Gained mutation: Your system is resistant to poisons.
                  | (rPois) [potion of mutation]
 12470 | Lair:4   | Gained mutation: Your spells are a little easier to cast,
                  | but a little less powerful. [potion of mutation]
 12470 | Lair:4   | Gained mutation: You have a pair of small horns on your
                  | head. [potion of mutation]
 12525 | Lair:6   | Entered Level 6 of the Lair of Beasts
 12676 | Lair:6   | Reached skill level 9 in Fighting
 12711 | Lair:6   | HP: 14/142 [polar bear (24)]
 12848 | Lair:5   | Reached skill level 16 in Dodging
 12876 | Lair:5   | Reached skill level 10 in Fighting
 13129 | Lair:5   | Noticed a five-headed hydra
 13143 | Lair:5   | Killed a two-headed hydra
 13474 | Lair:6   | Reached XP level 13. HP: 73/104 MP: 13/13
 13520 | Lair:6   | Found a staircase to the Slime Pits.
 13554 | Lair:6   | HP: 23/104 [blink frog (8)]
 13556 | Lair:6   | HP: 5/104 [wind drake/the air (19)]
 13569 | Lair:6   | HP: 9/104 [komodo dragon (19)]
 13584 | Lair:6   | HP: 25/104 [komodo dragon (12)]
 13588 | Lair:6   | HP: 5/104 [komodo dragon (17)]
 13588 | Lair:6   | Demolished by a komodo dragon

Vanquished Creatures
  Snorg (Lair:3)
  A hydra (Lair:2)
  A boulder beetle (Lair:4)
  Erica (D:8)
  5 death yaks
  Urug (Lair:4)
  A lindwurm (Lair:5)
  A deep elf pyromancer (D:7)
  An ugly thing (D:7)
  9 elephants
  4 black mambas
  A torpor snail (Lair:6)
  6 cane toads
  7 komodo dragons
  3 rime drakes
  2 polar bears
  2 trolls (D:7)
  A hornet (Lair:6)
  4 blink frogs (Lair:6)
  Sigmund (D:5)
  2 wyverns
  3 fire bats (Lair:4)
  8 yaks
  2 basilisks
  9 water moccasins
  Duvessa (D:4)
  2 sky beasts
  2 ice beasts (D:7)
  2 orc warriors (D:8)
  6 wolves
  2 black bears
  2 ogres
  A centaur (D:8)
  A phantom (D:7)
  10 bullfrogs
  5 kobold brigands
  2 necrophages (D:5)
  A gnoll sergeant (D:7)
  A scorpion (D:4)
  Dowan (D:4)
  3 killer bees (D:8)
  3 howler monkeys (D:8)
  4 jellies (Lair:6)
  A gnoll shaman (D:8)
  2 hounds
  4 orc priests
  An iguana (D:5)
  Natasha (D:3)
  5 orc wizards
  Robin (D:3)
  16 gnolls
  6 adders
  A white imp (D:5)
  2 ufetubi (D:5)
  3 worms
  26 orcs
  3 ball pythons
  A bat (D:3)
  11 endoplasms
  3 giant cockroaches
  9 hobgoblins
  2 jackals (D:3)
  4 quokkas
  4 frilled lizards
  16 goblins
  30 kobolds
  8 rats
286 creatures vanquished.

Vanquished Creatures (collateral kills)
  A hydra (Lair:5)
  A sea snake (Lair:6)
  A black mamba (Lair:3)
  2 komodo dragons
  A blink frog (Lair:6)
  2 basilisks
  3 wolves (Lair:3)
  An orc priest (D:5)
  A white imp (D:7)
  An orc (D:5)
  A kobold (D:4)
15 creatures vanquished.

Vanquished Creatures (others)
  A blink frog (Lair:6)
  A goblin (D:4)
  24 fungi
  37 plants
63 creatures vanquished.

Grand Total: 364 creatures vanquished

Table legend:
 A = Non-vault XP
 B = Vault XP
 C = Vault XP percentage of total XP
 D = Non-vault monster count
 E = Vault monster count
 F = Vault count percentage of total count
                 A         B        C        D         E       F
            +---------+---------+-------+---------+---------+-------
      Total |   28983 |   10324 |  26.3 |     221 |      81 |  26.8
            +---------+---------+-------+---------+---------+-------
        D:1 |      21 |       2 |   8.7 |      12 |       2 |  14.3
        D:2 |      35 |      25 |  41.7 |      11 |       8 |  42.1
        D:3 |     143 |      74 |  34.1 |      29 |      14 |  32.6
        D:4 |     369 |     195 |  34.6 |      17 |       2 |  10.5
        D:5 |     864 |     226 |  20.7 |      31 |       1 |   3.1
        D:6 |     233 |       0 |   0.0 |       6 |       0 |   0.0
        D:7 |    1336 |    1291 |  49.1 |      13 |       9 |  40.9
        D:8 |     921 |    1273 |  58.0 |      27 |      17 |  38.6
     Lair:1 |     389 |       0 |   0.0 |       1 |       0 |   0.0
     Lair:2 |    4274 |    1163 |  21.4 |      11 |       8 |  42.1
     Lair:3 |    7066 |    2004 |  22.1 |      21 |       6 |  22.2
     Lair:4 |    2605 |     794 |  23.4 |      10 |       1 |   9.1
     Lair:5 |    7460 |       0 |   0.0 |      17 |       0 |   0.0
     Lair:6 |    3267 |    3277 |  50.1 |      15 |      13 |  46.4
            +---------+---------+-------+---------+---------+-------

Illustrated notes

Table legend:
 A = Kills in this place as a percentage of kills in entire the game.
 B = Kills by you in this place as a percentage of kills by you in the entire game.
 C = Kills by friends in this place as a percentage of kills by friends in the entire game.
 D = Other kills in this place as a percentage of other kills in the entire game.
 E = Experience gained in this place as a percentage of experience gained in the entire game.
 F = Experience gained in this place divided by the number of levels of this place that you have seen.
                   A       B       C       D       E      F
               +-------+-------+-------+-------+-------+----------------------
         Total | 100.0 | 100.0 | 100.0 | 100.0 | 100.0 | 2620.5
       Dungeon |  65.9 |  68.2 |  26.7 |   0.0 |  17.8 | 778.7
          Lair |  34.1 |  31.8 |  73.3 | 100.0 |  82.2 | 5383.2
               +-------+-------+-------+-------+-------+----------------------

Table legend: (Time is in decaauts)
 A = Elapsed time spent in this place.
 B = Non-inter-level travel time spent in this place.
 C = Inter-level travel time spent in this place.
 D = Time resting spent in this place.
 E = Time spent auto-exploring this place.
 F = Levels seen in this place.
 G = Mean time per level.
                   A        B        C        D        E       F      G
               +--------+--------+--------+--------+--------+-----+--------+
         Total |  13972 |  13536 |    436 |   2992 |   7226 |  15 |  931.5 |
       Dungeon |   9011 |   8743 |    268 |   1974 |   4952 |   9 | 1001.2 |
          Lair |   4960 |   4792 |    168 |   1018 |   2273 |   6 |  826.7 |
               +--------+--------+--------+--------+--------+-----+--------+

Top non-repeatable levels by time:
     D:4: 1852 daAuts
     D:2: 1397 daAuts
     D:7: 1349 daAuts
  Lair:3: 1345 daAuts
  Lair:2: 1331 daAuts
     D:5: 1220 daAuts
     D:3: 1188 daAuts
     D:8: 1122 daAuts
  Lair:4: 990 daAuts
  Lair:5: 759 daAuts
     D:1: 730 daAuts
  Lair:6: 464 daAuts
     D:6: 143 daAuts
  Lair:1: 68 daAuts
     D:9: 7 daAuts
